 Dungeon Crawl Stone Soup version 0.31-a0-165-g3f4f80340b (webtiles) character file.

Game seed: 9075339830858479551

72 qw the Shooter (level 4, -7/28 HPs)
             Began as a Gargoyle Hunter on June 13, 2023.
             Mangled by a cerulean imp
             ... wielding a +4 spear
             ... summoned by Natasha
              (9 damage)
             ... on level 2 of the Dungeon.
             The game lasted 00:00:33 (1027 turns).

qw the Shooter (Gargoyle Hunter)                    Turns: 1027, Time: 00:00:34

Health: -7/28      AC:  6    Str: 15    XL:     4   Next: 25%
Magic:  4/4        EV: 11    Int:  9    God:
Gold:   56         SH:  0    Dex: 15    Spells: 3/3 levels left

rFire   . . .        Y - +0 shortbow
rCold   . . .        (shield currently unavailable)
rNeg    + . .        c - +0 leather armour
rPois   inf          (no helmet)
rElec   +            (no cloak)
rCorr   .            (no gloves)
SInv    .            (no boots)
Will    .....        (no amulet)
Stlth   ++           (no ring)
HPRegen 0.24/turn    (no ring)
MPRegen 0.09/turn

%: no passive effects
@: slowed, very slow
A: sickness immunity, AC +3, negative energy resistance 1, electricity
resistance, torment resistance 1, petrification resistance
a: no special abilities


You were on level 2 of the Dungeon.
You visited 1 branch of the dungeon, and saw 2 of its levels.

You collected 56 gold pieces.


Innate Abilities, Weirdness & Mutations

You are immune to sickness and miasma.
Your stone body is resilient. (AC +3)
You are immune to poison.
You resist negative energy. (rN+)
You are resistant to electric shocks. (rElec)
You are resistant to unholy torment.
You are immune to petrification.


   Skills:
 - Level 3.6 Fighting
 + Level 5.0 Ranged Weapons
 - Level 1.5 Dodging
 - Level 1.1 Stealth


You had 3 spell levels left.
You didn't know any spells.
Your spell library was empty.

Inventory:

Hand Weapons
 Y - a +0 shortbow (weapon)
Armour
 b - a +0 pair of gloves
 c - a +0 leather armour (worn)
 h - a +0 ring mail
Scrolls
 a - a scroll of vulnerability {unknown}
 e - 2 scrolls of teleportation {unknown}
Potions
 f - a potion of degeneration {unknown}
 g - 2 potions of lignification {unknown}

Dungeon Overview and Level Annotations

Branches:
Dungeon (2/15)

Altars:

Annotations:
D:2 Natasha


Message History

You shoot an arrow. The arrow hits Natasha.
Natasha is moderately wounded.
You shoot an arrow. The arrow hits Natasha.
Natasha is moderately wounded.
Natasha casts a spell at you. You resist with some effort.
You shoot an arrow. The arrow hits Natasha.
Natasha is severely wounded.
Natasha casts a spell at you. The magic dart hits you.
Natasha claws you but does no damage.
You shoot an arrow. The arrow hits Natasha.
Natasha is severely wounded.
Natasha casts a spell at you. The magic dart hits you.
You shoot an arrow. The arrow hits Natasha.
Natasha is almost dead.
Natasha mumbles some strange words.
You shoot an arrow. The arrow barely misses Natasha.
Natasha stares at you and mumbles some strange words.
The magic dart hits you.
The cerulean imp hits you with a +4 spear.
You shoot an arrow. The arrow closely misses Natasha.
Natasha claws you! The cerulean imp barely misses you.
Natasha mumbles some strange words.
You feel troubled.
Natasha stares at you and mumbles some strange words.
You feel yourself slow down.
You shoot an arrow. The arrow barely misses Natasha.
The cerulean imp closely misses you. Natasha misses you.
The cerulean imp hits you but does no damage.
You shoot an arrow. The arrow misses Natasha.
Natasha barely misses you. The cerulean imp barely misses you.
Natasha barely misses you.
The cerulean imp hits you with a +4 spear.
You shoot an arrow.
The arrow hits Natasha but does no damage.
Natasha is almost dead.
Natasha claws you but does no damage.
The cerulean imp hits you with a +4 spear!
You die...

#..##.#.#.....?
#..##.#.#.#####
#.....#..(..#
#.#######.#.#
#.###...#...#
#.....#.#####
##########.#
#.5........#
#@##########
#h# #.# #.# #..
... #.# ###


You could see Natasha (strong) and a cerulean imp (summoned).

Vanquished Creatures
  Natasha (D:2)
  A worm (D:2)
  3 bats
  3 endoplasms (D:2)
  2 giant cockroaches
  8 goblins
  2 hobgoblins (D:1)
  3 jackals
  4 quokkas
  2 ball pythons (D:2)
  A frilled lizard (D:1)
  2 kobolds (D:1)
  8 rats
40 creatures vanquished.

Notes
Turn   | Place    | Note
-------+----------+-------------------------------------------
     0 | D:1      | qw the Gargoyle Hunter began the quest for the Orb.
     0 | D:1      | Reached XP level 1. HP: 12/12 MP: 1/1
     0 | D:1      | 0 ||| qw: Version: 0.2-a-29-gc1b59c4
     0 | D:1      | 0 ||| qw: Game counter: 4698
     0 | D:1      | 0 ||| qw: Always use a shield: true
     0 | D:1      | 0 ||| qw: God list: Okawaru
     0 | D:1      | 0 ||| qw: Allow faded altars: false
     0 | D:1      | 0 ||| qw: Do Orc after D:15 true
     0 | D:1      | 0 ||| qw: Do second Lair branch before Depths: true
     0 | D:1      | 0 ||| qw: Lair rune preference: random
     0 | D:1      | 0 ||| qw: Plans: Normal, Zot:1-4, Slime:5, God:TSO, Crypt,
                  | Tomb, Abyss, Pan, Hells, Win
     0 | D:1      | 0 ||| PLANNING D:1-11
     7 | D:1      | Found a faded altar of an unknown god.
    76 | D:1      | Reached XP level 2. HP: 17/17 MP: 2/2
   351 | D:1      | 351 ||| Stepping ~*~*~tactically~*~*~ (water).
   654 | D:1      | 654 ||| DROPPING scarf of shadows.
   655 | D:1      | 655 ||| READING scroll labelled YCSEER GIHE.
   656 | D:1      | 656 ||| DRINKING 2 white potions.
   657 | D:1      | 657 ||| DROPPING scroll of butterflies.
   667 | D:2      | 667 ||| STAIRDANCE
   676 | D:1      | Reached XP level 3. HP: 16/21 MP: 3/3
   754 | D:2      | Reached skill level 5 in Ranged Weapons
   970 | D:2      | Noticed Natasha
   973 | D:2      | Killed Natasha
   974 | D:2      | Reached skill level 3 in Fighting
   974 | D:2      | Reached XP level 4. HP: 28/28 MP: 4/4
  1003 | D:2      | Noticed Natasha
  1016 | D:2      | HP: 4/28 [Natasha/magic dart (6)]
  1017 | D:2      | 1017 ||| DRINKING potion of heal wounds.
  1024 | D:2      | HP: 4/28 [Natasha (13)]
  1027 | D:2      | Mangled by a cerulean imp

Levels and vault maps discovered:
D:1:      saegor_arrival_simple_a, layout_basic, serial_bayou,
          serial_bayou_crossing, serial_bayou_pond_d, serial_bayou_pond_b,
          serial_bayou_pond_a, serial_bayou_ford_a, serial_bayou_pond_e,
          hellmonk_ecumenical_altar_run_dry
D:2:      layout_basic, grunt_ministairs_4, uniq_natasha

Skill      XL: |  1  2  3 |
---------------+----------+-----
Ranged Weapons | 5 |  5.0
Fighting       | 3 |  3.6
Dodging        | |  1.5
Stealth        | |  1.1

Action                     |  1- 3 |  4- 6 || total
---------------------------+-------+-------++-------
   Fire: Shortbow          |   120 |    23 ||   143
    Use: Potion            |     1 |     1 ||     2
         Scroll            |     1 |       ||     1
 Armour: Leather armour    |    17 |     6 ||    23
  Dodge: Dodged            |    30 |    12 ||    42

Table legend:
 A = Non-vault XP
 B = Vault XP
 C = Vault XP percentage of total XP
 D = Non-vault monster count
 E = Vault monster count
 F = Vault count percentage of total count
                 A         B        C        D         E       F
            +---------+---------+-------+---------+---------+-------
      Total |      62 |      41 |  39.8 |      36 |       4 |  10.0
            +---------+---------+-------+---------+---------+-------
        D:1 |      28 |       6 |  17.6 |      18 |       3 |  14.3
        D:2 |      34 |      35 |  50.7 |      18 |       1 |   5.3
            +---------+---------+-------+---------+---------+-------
